 Dungeon Crawl Stone Soup version 0.30-a0-591-g3c58d2bc28 (webtiles) character file.

Game seed: 2299382063267375487

4858 kae the Transmogrifier (level 10, -7/78 HPs)
             Began as a Demonspawn Transmuter on Jan 4, 2023.
             Was an Initiate of Ru.
             Mangled by a troll (10 damage)
             ... on level 8 of the Dungeon.
             The game lasted 00:09:35 (8074 turns).

kae the Transmogrifier (Demonspawn Transmuter)      Turns: 8074, Time: 00:09:36

Health: -7/78      AC:  8    Str: 11    XL:     10   Next: 25%
Magic:  17/17      EV: 12    Int: 19    God:    Ru [......]
Gold:   377        SH:  0    Dex: 13    Spells: 0/19 levels left

rFire   x . .      SeeInvis .      - Unarmed
rCold   + + +      Faith    .    (shield currently unavailable)
rNeg    . . .      Spirit   .    (body armour currently unavailable)
rPois   +          Reflect  .    (helmet currently unavailable)
rElec   .          Harm     .    (cloak currently unavailable)
rCorr   .          Rampage  .    (gloves currently unavailable)
Will    +....                    (boots currently unavailable)
Stlth   +                        (no amulet)
HPRegen 0.33/turn                w - ring of willpower
MPRegen 0.15/turn                (no ring)

@: ice-form (expiring)
A: freezing attack, amphibious, boosted hp, large, (claws 2), repulsion field 1,
powered by death 1
a: End Transformation, Renounce Religion


You were on level 8 of the Dungeon.
You worshipped Ru.
Ru was noncommittal.
You were a creature of crystalline ice.
You visited 2 branches of the dungeon, and saw 9 of its levels.

You collected 437 gold pieces.
You spent 60 gold pieces at shops.


Innate Abilities, Weirdness & Mutations

You are a creature of crystalline ice.
You have a powerful freezing melee attack.
You are amphibious.
Your maximum health is increased.
Your armour is entirely melded.
You are incapable of wielding weapons or throwing items.
((You have very sharp fingernails.))
You are surrounded by a mild repulsion field. (EV +2)
You regenerate a little health from kills.


   Skills:
 - Level 1.0 Fighting
 - Level 1.7 Dodging
 - Level 5.3 Unarmed Combat
 - Level 5.0 Spellcasting
 - Level 8.0 Transmutations
 - Level 5.0 Ice Magic
 + Level 7.7 Air Magic
 - Level 1.5 Poison Magic


You couldn't memorise any spells.
You knew the following spells:

 Your Spells              Type           Power      Damage    Failure   Level
a - Swiftness             Air            34%        N/A       1%          3
b - Wereblood             Tmut           35%        N/A       1%          2
c - Spider Form           Tmut/Pois      22%        N/A       5%          3
d - Ice Form              Ice/Tmut       29%        N/A       9%          4
e - Storm Form            Tmut/Air       17%        N/A       99%         7

Your spell library contained the following spells:

 Spells                   Type           Power      Damage    Failure   Level
 Beastly Appendage        Tmut           70%        N/A       1%          1
 Passwall                 Tmut/Erth      15%        N/A       3%          2
 Ensorcelled Hibernation  Hex/Ice        28%        N/A       7%          2
 Apportation              Tloc           8%         N/A       12%         1
 Blink                    Tloc           8%         N/A       19%         2
 Sublimation of Blood     Necr           4%         N/A       19%         2
 Manifold Assault         Tloc           4%         N/A       77%         4
 Summon Hydra             Summ           2%         N/A       100%        7

Inventory:

Hand Weapons
 h - the +7 short sword "Daecw" {drain, Str+5}
   (You took it off a goblin on level 2 of the Dungeon)

   Str:       It affects your strength (+5).
 p - the +5 rapier "Atoklux" (melded) {heavy, +Blink rC+ Will+ Dex+4}
   (You found it on level 3 of the Dungeon)

   Dex:       It affects your dexterity (+4).
   rC:        It protects you from cold.
   +Blink:    It lets you blink.
   Will:      It increases your willpower.
Missiles
 b - 86 stones
 s - 2 boomerangs of dispersal {=f!f}
 t - 6 boomerangs
 u - 30 poisoned darts
 G - a curare-tipped dart {=f}
Armour
 a - a +1 robe
 n - a +0 hat (melded)
   (You found it on level 2 of the Dungeon)
 q - a +2 robe of fire resistance (melded)
   (You found it on level 3 of the Dungeon)
 r - the +0 cloak "Ligymmag" {-Tele Rampage Will+ Dex+2}
   (You found it on level 5 of the Dungeon)

   Dex:       It affects your dexterity (+2).
   -Tele:     It prevents most forms of teleportation.
   Rampage:   It bestows one free step when moving towards enemies.
   Will:      It increases your willpower.
 D - +0 steam dragon scales
   (You found it on level 7 of the Dungeon)
Magical Staves
 F - a staff of cold {!a}
   (You found it on level 7 of the Dungeon)
Jewellery
 w - a ring of willpower (left front paw)
   (You found it on level 5 of the Dungeon)
 y - an amulet of reflection
   (You found it on level 7 of the Dungeon)
 C - a ring of ice
   (You found it on level 3 of the Dungeon)
Wands
 j - a wand of roots (26)
   (You took it off Jessica on level 2 of the Dungeon)
Scrolls
 c - 2 scrolls of amnesia
 d - 2 scrolls of magic mapping {!r}
 g - 4 scrolls of teleportation {@r4}
 o - 2 scrolls of immolation {!r!r}
 x - a scroll of enchant weapon
 z - a scroll of vulnerability {!r!r}
 H - a scroll of blinking {!r}
Potions
 e - a potion of curing {@q1}
 f - a potion of might
 i - 2 potions of mutation {!q}
 k - 2 potions of berserk rage {unknown}
 l - 2 potions of lignification {!q}
 m - a potion of degeneration {!q}
 v - a potion of heal wounds {@q2}
 A - a potion of flight
 B - a potion of attraction {unknown}

Dungeon Overview and Level Annotations

Branches:
Dungeon (8/15) Zot: 26558  Temple (1/1) D:7 Zot: 5780
   Lair: D:8-11

Altars:
Ashenzari
Cheibriados
Dithmenos
Fedhas
Gozag
Kikubaaqudgha
Nemelex Xobeh
Okawaru
Qazlal
Ru
Sif Muna
Uskayaw
Vehumet
Wu Jian
Xom
Yredelemnul

Shops:
D:2 ?

Annotations:
D:7 exclusion: kobold demonologist

#.# ##...###.......###
#.#########.## #.##.##.#
#........##.####.##.##.#
########............##.#
####†####.#####.# #.#
#.#####.# #># #.......#
#.# ######### #Y# #T#
#.# ... ... ~..~~ ~≈~~~
~≈≈≈~≈~


You could see a troll.


Message History

😎 HP[+13] MP[-4]
You now have 78 max hp (+13).
Your hp is fully restored (78).
You lost 4 mp, and now have 13/17 mp.
You start resting.
A steam dragon is nearby!
The steam dragon bites you. The steam dragon claws you. 😕 HP[-5]
You take 5 damage, and now have 73/78 hp.
You punch the steam dragon! You freeze the steam dragon.
The steam dragon barely misses you. The steam dragon closely misses you.
You punch the steam dragon! You freeze the steam dragon.
The steam dragon breathes steam at you. The ball of steam hits you!!
The steam scalds you terribly!
You hear a bark! 😮 HP[-24] MP[+1]
You take 24 damage, and now have 49/78 hp.
MASSIVE DAMAGE!! (PAUSE)
You hit the steam dragon. You freeze the steam dragon.
You kill the steam dragon!
You are engulfed in a cloud of scalding steam. 😮 HP[-1]
You take 1 damage, and now have 48/78 hp.
You see here a steam dragon corpse. 😮 HP[+1] Unknown command. 😮 HP[+2]
You regained 2 hp, and now have 51/78 hp.
Unknown command.
A hound comes into view. 😮 HP[+3] MP[+1]
You regained 3 hp, and now have 54/78 hp.
Unknown command.
A hound is nearby!
Unknown command.
A hound is nearby!
A hound is nearby!
You are too injured to fight recklessly!
You are too injured to fight recklessly!
You see here a steam dragon corpse.
You punch the hound! You freeze the hound. The hound misses you. 😮 HP[+1]
You closely miss the hound.
The hound closely misses you. x2 😮 MP[+1]
You closely miss the hound. The hound closely misses you.
You pummel the hound!! You freeze the hound.
You kill the hound! 😮 HP[+1]
There is a stone staircase leading down, spattered with blood here. 😮 HP[+2]
You regained 2 hp, and now have 58/78 hp.
You start resting. 😕 HP[+3] MP[+1]
You regained 3 hp, and now have 61/78 hp.
Your mp is fully restored (17).
Unknown command.
This spell is astonishingly dangerous to cast!
Memorise Storm Form, consuming 7 spell levels and leaving 0?
You start memorising the spell.
You continue memorising. x7
You finish memorising.
Spell assigned to 'e'. 😕 HP[+3]
You regained 3 hp, and now have 64/78 hp.
A troll comes into view.
A troll is nearby!
Unknown command.
A troll is nearby! 😕 HP[+1]
You punch the troll! You freeze the troll. The troll misses you. x2
The troll claws you.
You barely miss the troll.
Your transformation is almost over.
The troll bites you! The troll claws you!
The troll closely misses you. 😮 HP[-15]
You take 15 damage, and now have 50/78 hp.
You barely miss the troll. The troll bites you but does no damage.
The troll claws you! The troll barely misses you. 😮 HP[-8]
You take 8 damage, and now have 42/78 hp.
You hit the troll. You freeze the troll.
The troll bites you but does no damage. The troll closely misses you.
The troll claws you!
* * * LOW HITPOINT WARNING * * *
😨 HP[-7]
You take 7 damage, and now have 35/78 hp.
Unknown command.
You punch the troll! You freeze the troll. The troll bites you!
* * * LOW HITPOINT WARNING * * *
The troll claws you.
* * * LOW HITPOINT WARNING * * *
The troll claws you!
* * * LOW HITPOINT WARNING * * *
😱 HP[-21]
You take 21 damage, and now have 14/78 hp.
MASSIVE DAMAGE!! (PAUSE) Unknown command.
You punch the troll! You freeze the troll. 😱 HP[+1]
You barely miss the troll. The troll bites you!
* * * LOW HITPOINT WARNING * * *
The troll claws you!
You die...

Skill      XL: |  1  2  3  4  5  6  7  8  9 10 |
---------------+-------------------------------+-----
Transmutations | 2 3 4 5 6 8 |  8.0
Unarmed Combat | 3 4 5 |  5.3
Poison Magic   | 1 |  1.5
Spellcasting   | 3 4 5 |  5.0
Ice Magic      | 1 2 4 5 |  5.0
Air Magic      | 6 7 |  7.7
Fighting       | |  1.0
Dodging        | |  1.7

Action                   |  1- 3 |  4- 6 |  7- 9 | 10-12 || total
-------------------------+-------+-------+-------+-------++-------
Melee: Unarmed           |    84 |   114 |   244 |    51 ||   493
       Kick              |     9 |    17 |       |       ||    26
       Headbutt          |     8 |    11 |       |       ||    19
       Punch             |     2 |     2 |       |       ||     4
       Rapier            |       |    56 |     4 |       ||    60
 Cast: Beastly Appendage |    15 |    18 |       |       ||    33
       Wereblood         |     1 |     3 |     3 |     1 ||     8
       Spider Form       |       |     3 |     6 |       ||     9
       Ice Form          |       |     1 |    24 |     5 ||    30
 Abil: End Transformatio |       |       |     2 |       ||     2
  Use: Potion            |     1 |       |       |       ||     1
       Scroll            |     3 |     5 |     8 |     1 ||    17
 Stab: Sleeping          |       |     1 |     1 |       ||     2
Armor: Robe              |    11 |    27 |     1 |       ||    39
       Skin              |     2 |     1 |    37 |    11 ||    51
Dodge: Dodged            |    52 |   123 |   123 |    34 ||   332

Levels and vault maps discovered:
D:1:      dpeg_arrival_short_road, layout_rooms,
          shapermc_ecumenical_altar_rom_forum
D:2:      layout_basic, serial_shops, nicolae_shop_crystal,
          minmay_small_reverse_x, uniq_terence, uniq_robin, uniq_jessica
D:3:      layout_loops_cross
D:4:      layout_loops_ring, grunt_temple_overflow_open, uniq_sigmund
D:5:      layout_rooms, minmay_puff, uniq_pikel
D:6:      kennysheep_kobold_camp, layout_basic, minmay_misc_feat_secret_circle,
          chequers_garden
D:7:      layout_basic, nicolae_overflow_hidden_temple, temple_doors_e,
          kb_rosetta
D:8:      layout_loops_corners, erik_lair_island
Temple:   nicolae_temple_slightly_damp_pantheon

Notes
Turn   | Place    | Note
-------+----------+-------------------------------------------
     0 | D:1      | kae the Demonspawn Transmuter began the quest for the Orb.
     0 | D:1      | Reached XP level 1. HP: 15/15 MP: 3/3
     0 | D:1      | magus.rc [v1.11.3]
    54 | D:1      | Reached skill level 2 in Transmutations
   179 | D:1      | Gained mutation: You have sharp fingernails. [demonic
                  | ancestry]
   179 | D:1      | Reached XP level 2. HP: 12/21 MP: 3/5
   262 | D:1      | Reached skill level 3 in Unarmed Combat
   440 | D:1      | Gained mutation: You are surrounded by a mild repulsion
                  | field. (EV +2) [demonic ancestry]
   440 | D:1      | Reached XP level 3. HP: 18/26 MP: 4/6
   443 | D:1      | Learned a level 2 spell: Wereblood
   447 | D:1      | Learned a level 3 spell: Spider Form
   473 | D:1      | You add the spells Blink, Manifold Assault and Storm Form
                  | to your library.
   580 | D:1      | Found a faded altar of an unknown god.
   584 | D:1      | Got Plato's Excursus on Locality
   690 | D:2      | Found Peagromm's Magic Scroll Shoppe.
   758 | D:2      | Bought a scroll of identify for 20 gold pieces
   758 | D:2      | Bought a scroll of identify for 20 gold pieces
   758 | D:2      | Bought a scroll of identify for 20 gold pieces
   778 | D:2      | Noticed Robin
   810 | D:2      | Killed Robin
   811 | D:2      | Reached skill level 1 in Poison Magic
   853 | D:2      | Reached skill level 3 in Transmutations
   853 | D:2      | Reached XP level 4. HP: 13/32 MP: 7/7
  1052 | D:2      | Identified the +7 short sword "Daecw" {drain, Str+5}
  1180 | D:2      | Noticed Jessica
  1187 | D:2      | Killed Jessica
  1408 | D:2      | Noticed Terence
  1420 | D:2      | Killed Terence
  1421 | D:2      | Reached XP level 5. HP: 36/37 MP: 6/9
  1730 | D:3      | You pick up a book of Burglary and begin reading...
  1730 | D:3      | You add the spells Passwall, Ensorcelled Hibernation and
                  | Swiftness to your library.
  1964 | D:3      | Reached skill level 3 in Spellcasting
  1980 | D:3      | Learned a level 4 spell: Ice Form
  1994 | D:3      | Identified the +5 rapier "Atoklux" {heavy, +Blink rC+ Will+
                  | Dex+4}
  2196 | D:3      | Noticed an ogre
  2200 | D:3      | Killed an ogre
  2201 | D:3      | Reached skill level 4 in Transmutations
  2201 | D:3      | Reached skill level 1 in Ice Magic
  2201 | D:3      | Reached XP level 6. HP: 43/43 MP: 10/10
  2267 | D:3      | Identified the +9 whip of the Transmuting Gods {pain, rC+
                  | Dex+5 Stlth+}
  2464 | D:4      | Found a shadowy altar of Dithmenos.
  2465 | D:4      | Found an iron altar of Okawaru.
  2701 | D:4      | Reached skill level 2 in Ice Magic
  2866 | D:4      | Noticed Sigmund
  3190 | D:4      | Killed Sigmund
  3191 | D:4      | Gained mutation: You have very sharp fingernails. [demonic
                  | ancestry]
  3191 | D:4      | Reached XP level 7. HP: 48/48 MP: 8/12
  3229 | D:5      | Entered Level 5 of the Dungeon
  3241 | D:5      | Reached skill level 4 in Unarmed Combat
  3411 | D:5      | Reached skill level 5 in Transmutations
  3411 | D:5      | Reached skill level 3 in Ice Magic
  3498 | D:5      | Identified the +0 cloak "Ligymmag" {-Tele Rampage Will+
                  | Dex+2}
  3670 | D:5      | Noticed Pikel
  3706 | D:5      | Killed Pikel
  3707 | D:5      | Reached skill level 4 in Spellcasting
  3707 | D:5      | Reached skill level 4 in Ice Magic
  3707 | D:5      | Reached XP level 8. HP: 18/54 MP: 8/14
  3822 | D:5      | Reached skill level 6 in Transmutations
  4459 | D:6      | Learned a level 3 spell: Swiftness
  4469 | D:6      | Identified the +1 robe "Egyis" {Dex+5}
  4693 | D:6      | Reached skill level 5 in Unarmed Combat
  4693 | D:6      | Reached skill level 5 in Ice Magic
  4984 | D:5      | Reached skill level 5 in Spellcasting
  4984 | D:5      | Reached XP level 9. HP: 26/59 MP: 14/16
  5124 | D:6      | Reached skill level 7 in Transmutations
  5207 | D:6      | Reached skill level 1 in Air Magic
  5208 | D:6      | Reached skill level 2 in Air Magic
  5340 | D:6      | Reached skill level 3 in Air Magic
  6152 | D:7      | Reached skill level 8 in Transmutations
  6256 | D:7      | Noticed a cyclops
  6271 | D:7      | Killed a cyclops
  6272 | D:7      | Reached skill level 5 in Air Magic
  6510 | D:7      | Found a staircase to the Ecumenical Temple.
  6543 | D:7      | Found a sacrificial altar of Ru.
  6601 | Temple   | Entered the Ecumenical Temple
  6877 | D:7      | Noticed a troll
  6883 | D:7      | Killed a troll
  6884 | D:7      | Reached skill level 6 in Air Magic
  7112 | D:7      | Noticed a kobold demonologist
  7140 | D:7      | Gained mutation: You regenerate a little health from kills.
                  | [demonic ancestry]
  7140 | D:7      | Reached XP level 10. HP: 65/65 MP: 12/17
  7172 | D:7      | HP: 18/75 [wight/+3 halberd (1)]
  7177 | D:7      | Reached skill level 7 in Air Magic
  7177 | D:7      | HP: 10/74 [wight/+2 hand axe (7)]
  7764 | D:8      | You pick up a book of Blood and begin reading...
  7764 | D:8      | You add the spells Sublimation of Blood and Summon Hydra to
                  | your library.
  7829 | D:7      | Became a worshipper of Ru the Awakened
  8064 | D:8      | Learned a level 7 spell: Storm Form
  8072 | D:8      | HP: 14/78 [troll (10)]
  8074 | D:8      | HP: 3/78 [troll (12)]
  8074 | D:8      | Mangled by a troll

Vanquished Creatures
  Pikel (D:5)
  A cyclops (D:7)
  A komodo dragon (D:7)
  A troll (D:7)
  Sigmund (D:4)
  6 yaks
  3 steam dragons
  A water moccasin (D:7)
  2 ice beasts
  2 ogres
  2 centaurs
  4 lemures (D:5)
  3 phantoms
  3 kobold brigands
  A bullfrog (D:8)
  A scorpion (D:5)
  5 wights (D:7)
  A howler monkey (D:5)
  3 hounds
  2 jellies
  An orc priest (D:4)
  Terence (D:2)
  Jessica (D:2)
  4 iguanas
  3 orc wizards
  Robin (D:2)
  4 gnolls
  5 adders
  A shadow imp (D:6)
  2 white imps
  4 worms
  3 dart slugs
  21 orcs
  6 endoplasms
  2 giant cockroaches (D:3)
  20 goblins
  10 hobgoblins
  4 jackals (D:2)
  8 quokkas
  7 ball pythons
  4 bats
  5 frilled lizards
  34 kobolds
  5 rats
200 creatures vanquished.

Vanquished Creatures (others)
  4 plants
4 creatures vanquished.

Grand Total: 204 creatures vanquished

Table legend:
 A = Non-vault XP
 B = Vault XP
 C = Vault XP percentage of total XP
 D = Non-vault monster count
 E = Vault monster count
 F = Vault count percentage of total count
                 A         B        C        D         E       F
            +---------+---------+-------+---------+---------+-------
      Total |    4422 |    2518 |  36.3 |     148 |      48 |  24.5
            +---------+---------+-------+---------+---------+-------
        D:1 |      49 |       0 |   0.0 |      22 |       0 |   0.0
        D:2 |      42 |     119 |  73.9 |      22 |      17 |  43.6
        D:3 |     226 |       0 |   0.0 |      29 |       0 |   0.0
        D:4 |     223 |     231 |  50.9 |      14 |       1 |   6.7
        D:5 |     681 |     810 |  54.3 |      16 |       5 |  23.8
        D:6 |    1529 |     122 |   7.4 |      24 |      21 |  46.7
        D:7 |    1098 |    1196 |  52.1 |      14 |       3 |  17.6
        D:8 |     574 |      40 |   6.5 |       7 |       1 |  12.5
            +---------+---------+-------+---------+---------+-------

Illustrated notes

Table legend:
 A = Kills in this place as a percentage of kills in entire the game.
 B = Kills by you in this place as a percentage of kills by you in the entire game.
 C = Kills by friends in this place as a percentage of kills by friends in the entire game.
 D = Other kills in this place as a percentage of other kills in the entire game.
 E = Experience gained in this place as a percentage of experience gained in the entire game.
 F = Experience gained in this place divided by the number of levels of this place that you have seen.
                   A       B       C       D       E      F
               +-------+-------+-------+-------+-------+----------------------
         Total | 100.0 | 100.0 |   N/A |   N/A | 100.0 | 771.1
       Dungeon | 100.0 | 100.0 |   N/A |   N/A | 100.0 | 867.5
               +-------+-------+-------+-------+-------+----------------------

Table legend: (Time is in decaauts)
 A = Elapsed time spent in this place.
 B = Non-inter-level travel time spent in this place.
 C = Inter-level travel time spent in this place.
 D = Time resting spent in this place.
 E = Time spent auto-exploring this place.
 F = Levels seen in this place.
 G = Mean time per level.
                   A        B        C        D        E       F      G
               +--------+--------+--------+--------+--------+-----+--------+
         Total |   8084 |   7762 |    322 |    348 |   5879 |   9 |  898.2 |
       Dungeon |   7864 |   7561 |    303 |    348 |   5694 |   8 |  983.0 |
        Temple |    219 |    201 |     18 |      0 |    185 |   1 |  219.0 |
               +--------+--------+--------+--------+--------+-----+--------+

Top non-repeatable levels by time:
     D:7: 1452 daAuts
     D:5: 1429 daAuts
     D:6: 1312 daAuts
     D:2: 972 daAuts
     D:4: 823 daAuts
     D:3: 777 daAuts
     D:1: 686 daAuts
     D:8: 409 daAuts
  Temple: 219 daAuts
